 Dungeon Crawl Stone Soup version 0.26-a0-519-gb2f46ef (webtiles) character file.

Game seed: 7571261686214506330

280672 MrTaco21 the Hoplite (level 20, -9/117 HPs)
             Began as a Gargoyle Fighter on Aug 11, 2020.
             Was a High Priest of Qazlal.
             Killed from afar by a starcursed mass (15 damage)
             ... with an accursed screaming
             ... while paralysed by accursed screaming
             ... on level 5 of the Abyss.
             The game lasted 01:47:39 (36818 turns).

MrTaco21 the Hoplite (Gargoyle Fighter)            Turns: 36818, Time: 01:47:39

Health: -9/117     AC: 44    Str: 28    XL:     20   Next: 48%
Magic:  7/26       EV:  2    Int: 10    God:    Qazlal [*****.]
Gold:   1717       SH:  0    Dex: 11    Spells: 19/19 levels left

rFire    . . .     SeeInvis +   q - +6 eveningstar (flame)
rCold    + + .     Faith    .   J - +3 tower shield "Xocongaq" {+Inv Regen+ Dex+2}
rNeg     + . .     Spirit   .   T - +9 ice dragon scales of Parts Unknown {+Blink rF- rC++}
rPois    ∞         Reflect  .   R - +3 crown of Dyrovepreva {rElec Int+2 SInv}
rElec    +         Harm     .   D - +0 cloak
rCorr    .         Rnd*Rage +   H - +0 pair of gloves
MR       ++...                  N - +0 pair of boots {run}
Stlth    ..........             e - amulet of regeneration
HPRegen  0.00/turn              i - ring of protection from fire
MPRegen  0.20/turn              l - ring of protection from magic

@: paralysed, protected from physical damage, flying, very slightly
contaminated, hasted, drained, repel missiles, quick
A: big wings, large bone plates 1, berserk 1, deformed body, [deterioration 2],
dopey 1, frail 1, negative energy resistance 1, electricity resistance,
inhibited regeneration, unbreathing, petrification resistance, rot immunity, AC
+15
}: 2/15 runes: decaying, serpentine
a: Stop Flying, Upheaval, Elemental Force, Disaster Area, Renounce Religion,
Evoke Blink, Evoke Invisibility


You were on level 5 of the Abyss.
You worshipped Qazlal.
Qazlal was extremely pleased with you.
You visited 8 branches of the dungeon, and saw 34 of its levels.
You visited the Abyss 1 time.

You collected 3208 gold pieces.
You spent 1491 gold pieces at shops.

Inventory:

Hand Weapons
 q - a +6 eveningstar of flaming (weapon)
   (You took it off Louise on level 3 of the Swamp)
Missiles
 y - 131 poisoned darts (quivered)
Armour
 D - a +0 cloak (worn)
   (You found it on level 5 of the Dungeon)
 H - a +0 pair of gloves (worn)
   (You found it on level 7 of the Dungeon)
 J - the +3 tower shield "Xocongaq" (worn) {+Inv Regen+ Dex+2}
   (You bought it in a shop on level 6 of the Dungeon)

   It affects your dexterity (+2).
   It lets you turn invisible.
   It increases your rate of regeneration.
 N - a +0 pair of boots of running (worn)
   (You found it on level 12 of the Dungeon)
 R - the +3 crown of Dyrovepreva (worn) {rElec Int+2 SInv}
   (You bought it in a shop on level 9 of the Dungeon)

   It affects your intelligence (+2).
   It insulates you from electricity.
   It lets you see invisible.
 T - the +9 ice dragon scales of Parts Unknown (worn) {+Blink rF- rC++}
   (You found it on level 6 of the Lair of Beasts)

   It makes you vulnerable to fire.
   It greatly protects you from cold.
   It lets you blink.
Jewellery
 e - an amulet of regeneration (around neck)
   (You found it on level 3 of the Lair of Beasts)
 i - a ring of protection from fire (left hand)
   (You found it on level 3 of the Dungeon)
 l - a ring of protection from magic (right hand)
   (You found it on level 6 of the Lair of Beasts)
 Z - an uncursed ring of protection from fire
   (You found it on level 1 of the Vaults)
Wands
 c - a wand of disintegration (14)
   (You found it on level 1 of the Vaults)
 d - a wand of iceblast (11)
   (You found it on level 14 of the Dungeon)
 t - a wand of flame (89)
   (You found it on level 11 of the Dungeon)
 u - a wand of paralysis (41)
   (You found it on level 14 of the Dungeon)
 v - a wand of digging (5)
   (You found it on level 3 of the Swamp)
 I - a wand of enslavement (12)
   (You found it on level 7 of the Dungeon)
 K - a wand of polymorph (10)
   (You found it on level 4 of the Snake Pit)
Scrolls
 b - 2 scrolls of vulnerability {unknown}
 g - 6 scrolls of enchant armour
 h - 17 scrolls of remove curse {@r2}
 r - 7 scrolls of amnesia
 x - 21 scrolls of teleportation {@r4}
 B - 5 scrolls of fear
 E - 4 scrolls of summoning
 F - 11 scrolls of fog
 G - 5 scrolls of magic mapping
 L - 2 scrolls of identify {@r1}
 M - a scroll of acquirement {unknown}
 O - 5 scrolls of brand weapon
 P - 6 scrolls of immolation {!r}
 V - 6 scrolls of blinking
 X - 2 scrolls of enchant weapon
Potions
 a - a potion of cancellation {unknown}
 f - 3 potions of berserk rage
 k - 3 potions of haste {@q3}
 m - 4 potions of magic
 n - 4 potions of ambrosia
 o - a potion of degeneration {unknown}
 p - 4 potions of mutation {!q}
 s - 7 potions of heal wounds {@q2}
 w - 5 potions of brilliance
 z - 3 potions of resistance {unknown}
 A - 9 potions of stabbing
 C - 3 potions of lignification {unknown}
 Q - 8 potions of might
 U - 2 potions of invisibility {unknown}
 W - 18 potions of curing {@q1}
Miscellaneous
 j - a lightning rod (4/4) {!a}
   (You found it on level 11 of the Dungeon)
 S - a phantom mirror
   (You found it on level 3 of the Lair of Beasts)


   Skills:
 + Level 16.1(14.9) Fighting
 - Level 16.0(14.7) Maces & Flails
 + Level 13.6(12.4) Armour
 - Level 25.0(23.5) Shields
 + Level 8.1(7.1) Invocations


You had 19 spell levels left.
You didn't know any spells.
Your spell library contained the following spells:

 Spells                   Type           Power        Failure   Level
 Animate Skeleton         Necr           #.....       67%         1
 Apportation              Tloc           #.....       67%         1
 Corona                   Hex            #......      67%         1
 Magic Dart               Conj           #...         67%         1
 Sandblast                Erth           #.....       67%         1
 Sting                    Tmut/Pois      #...         67%         1
 Summon Small Mammal      Summ           #...         67%         1
 Blink                    Tloc           N/A          80%         2
 Call Imp                 Summ           #.......     80%         2
 Ensorcelled Hibernation  Hex/Ice        #.....       80%         2
 Passwall                 Tmut/Erth      #.......     80%         2
 Poisonous Vapours        Pois/Air       #.....       80%         2
 Searing Ray              Conj           #.....       80%         2
 Slow                     Hex            #.......     80%         2
 Call Canine Familiar     Summ           #.......     95%         3
 Confusing Touch          Hex            #.......     95%         3
 Conjure Flame            Conj/Fire      #.......     95%         3
 Dazzling Flash           Conj/Hex       #.....       95%         3
 Gell's Gravitas          Tloc           #.........   95%         3
 Ignite Poison            Fire/Tmut/Pois #.......     95%         3
 Lesser Beckoning         Tloc           #.........   95%         3
 Mephitic Cloud           Conj/Pois/Air  #.......     95%         3
 Stone Arrow              Conj/Erth      #.....       95%         3
 Summon Guardian Golem    Hex/Summ       #.......     95%         3
 Teleport Other           Tloc           #.......     95%         3
 Tukima's Dance           Hex            #.......     95%         3
 Fulminant Prism          Conj/Hex       #.........   100%        4
 Iskenderun's Mystic Bla  Conj/Tloc      #.......     100%        4
 Olgreb's Toxic Radiance  Pois           #.......     100%        4
 Passage of Golubria      Tloc           N/A          100%        4
 Petrify                  Tmut/Erth      #.......     100%        4
 Summon Ice Beast         Ice/Summ       #.......     100%        4
 Summon Lightning Spire   Summ/Air       #.......     100%        4
 Bolt of Magma            Conj/Fire/Erth #.........   100%        5
 Fireball                 Conj/Fire      #.........   100%        5
 Iskenderun's Battlesphe  Conj           #.......     100%        5
 Lee's Rapid Deconstruct  Erth           #.........   100%        5
 Silence                  Hex/Air        #.........   100%        5
 Conjure Ball Lightning   Conj/Air       #.........   100%        6
 Freezing Cloud           Conj/Ice/Air   #.........   100%        6
 Iron Shot                Conj/Erth      #.........   100%        6
 Starburst                Conj/Fire      #.........   100%        6
 Orb of Destruction       Conj           #.........   100%        7
 Spellforged Servitor     Conj/Summ      #.........   100%        7
 Ignition                 Fire           #.........   100%        8
 Tornado                  Air            #.........   100%        9


Dungeon Overview and Level Annotations

Branches:
Dungeon (15/15)            Temple (1/1) D:6            Lair (6/6) D:11
  Swamp (4/4) Lair:3        Snake (4/4) Lair:3        Slime (1/5) Lair:5
    Orc (2/2) D:9             Elf (0/3) Orc:2        Vaults (1/5) D:14
 Depths (0/5) D:15

Altars:
Ashenzari
Cheibriados
Dithmenos
Elyvilon
Fedhas
Gozag
Hepliaklqana
Kikubaaqudgha
Makhleb
Nemelex Xobeh
Okawaru
Qazlal
Ru
Sif Muna
Trog
Uskayaw
Vehumet
Wu Jian
Xom
Yredelemnul
Zin
The Shining One
Beogh

Shops:
D:6 [   D:9 [(   D:11 *   Orc:2 ?(?*   Snake:3 }   Vaults:1 !

Portals:
Abyss: D:11

Annotations:
D:15 Roxanne


Innate Abilities, Weirdness & Mutations

You are resistant to torment.
Your stone body is resilient. (AC +15)
You are immune to poison.
Your large and strong wings let you fly indefinitely.
You resist negative energy. (rN+)
You are resistant to electric shocks. (rElec)
You can survive without breathing.
You are immune to petrification.
You are immune to rotting.
You are partially covered in large bone plates. (SH +4)
You tend to lose your temper in combat.
Armour fits poorly on your strangely shaped body.
You are dopey. (Int -2)
You are frail. (-10% HP)
You do not regenerate when monsters are visible.
[Your body often deteriorates upon taking damage.]


Message History

Qazlal accepts your kill.
You feel a bit more experienced.
The wretched star is engulfed in blazing flames.
The thrashing horror roars!
A chorus of shrieks assaults your mind.
* * * LOW HITPOINT WARNING * * *
The wretched star glows turbulently.
The lance of force is repelled.
You feel yourself speed up.
Your protection from electricity is fading.
The wretched star glows turbulently.
The lance of force misses you.
A smoke demon comes into view.
The smoke demon roars!
You hear a hideous shriek!
You block the starcursed mass's attack.
You hear a hideous shriek! x2
You block the starcursed mass's attack.
The starcursed mass is engulfed in freezing vapours.
A deafening chorus of shrieks assaults your mind!
* * * LOW HITPOINT WARNING * * *
You suddenly lose the ability to move!
The starcursed mass shudders and is absorbed by its neighbour.
You hear an angry growl.
You hear a hideous shriek!
The starcursed mass engulfs you.
* * * LOW HITPOINT WARNING * * *
Your resistance to electricity fades away.
You feel protected from physical attacks.
The starcursed mass completely misses you.
You can move again.
A starcursed mass comes into view.
The great orb of eyes is engulfed in freezing vapours.
You hear a bark!
A flying skull comes into view.
A starcursed mass splits.
A flying skull comes into view.
The flying skull gives a hideous shriek!
You hear a bark!
You hear a hideous shriek!
The smoke demon gestures at you. Something smites you!
* * * LOW HITPOINT WARNING * * *
You hear a hideous shriek!
A starcursed mass splits.
A deafening chorus of shrieks assaults your mind!
* * * LOW HITPOINT WARNING * * *
You suddenly lose the ability to move!
You hear a bark!
The flying skull hits you but does no damage.
The starcursed mass barely misses you.
A starcursed mass splits.
A cacophony of accursed wailing tears at your sanity!
You die...

. ## . # ## # h .
#. . # # ## ## . .
#. .#. ## #.X # #.
.# #.. #.# #.X #e
#....##..##..
#..X##..
X..##.#.... .
X.##X.####☼zz.####
. #.
.1##.#..@§X.XX# #
#.§ X#..##X#○#.X.#
. ..
.X..#.#h.§X#..#
#.. X. #.. #1XX#.#
. .# ###
.#.XG..#..## .
#...
.......#..X#.#
#...#.[.#..##..##
.#.#...##e##.#.# .
## .†.#.##.#*#..#


You could see 9 starcursed masses, a Hell Sentinel, a great orb of eyes, a deep
elf sorcerer, a raiju and 2 flying skulls.

Vanquished Creatures
  Bai Suzhen (Swamp:2)
  The ghost of Ohopebaam the Phalangite, an adept MfBe of Trog (Snake:3)
  2 thorn hunters (Swamp:4)
  Gastronok (Lair:1)
  A tentacled starspawn (D:11)
  14 nagarajas
  Donald (Swamp:3)
  A frost giant (Vaults:1)
  An orc warlord (Orc:2)
  Aizul (Snake:2)
  A vault warden (Vaults:1)
  Louise (Swamp:3)
  A ghoul (Vaults:1)
  3 ironheart preservers (Vaults:1)
  2 stone giants (Vaults:1)
  The ghost of Loent the Fighter, a journeyman OgWn of Okawaru (Lair:1)
  23 slime creatures
  Azrael (Snake:2)
  An eidolon (Abyss:5)
  Snorg (D:13)
  5 yaktaur captains
  2 fire dragons
  10 naga warriors
  Josephine (D:13)
  17 hydras
  4 shambling mangroves
  3 catoblepae (Lair:6)
  A death knight (Vaults:1)
  6 ogre magi
  21 two-headed ogres
  6 centaur warriors
  The ghost of lyrin the Thaumaturge, a journeyman FoIE of Zin (D:11)
  11 death yaks
  27 anacondas
  13 alligators
  2 tengu warriors (D:13)
  A hell hog (D:11)
  11 naga sharpshooters
  5 orc high priests
  Urug (Lair:4)
  A thrashing horror (Abyss:5)
  9 shock serpents
  A deep troll earth mage (Vaults:1)
  Sonja (Lair:4)
  A deep elf knight (Vaults:1)
  2 fire crabs (shapeshifter)
  A shadow wraith (D:14)
  12 swamp dragons
  2 spriggan druids
  9 deep trolls (Vaults:1)
  A deep troll (shapeshifter) (Vaults:1)
  A wizard (Vaults:1)
  2 unseen horrors
  2 deep elf archers (Vaults:1)
  14 naga ritualists
  6 ironbrand convokers (Vaults:1)
  A lindwurm (Lair:6)
  11 orc knights
  10 mana vipers
  A necromancer (Vaults:1)
  7 ugly things
  An orb spider (shapeshifter) (D:15)
  3 deep elf magi
  5 orc sorcerers
  3 manticores
  7 salamanders
  4 cyclopes
  8 guardian serpents
  50 black mambas
  10 elephants
  4 vault sentinels (Vaults:1)
  20 naga magi
  4 gargoyles
  A torpor snail (Lair:5)
  3 rime drakes
  3 freezing wraiths (Vaults:1)
  20 cane toads
  6 komodo dragons
  5 kobold demonologists (D:13)
  6 yaktaurs
  An ancient zyme (D:11)
  An ice devil (D:11)
  6 trolls
  16 hornets
  A polar bear (Lair:5)
  A polar bear (shapeshifter) (Vaults:1)
  A raiju (Abyss:5)
  16 tyrant leeches
  25 blink frogs
  5 bog bodies
  7 dream sheep (Lair:6)
  A raiju (shapeshifter) (D:11)
  8 hippogriffs
  8 spriggans
  4 wyverns
  57 yaks
  8 wraiths
  A shadow (Swamp:1)
  2 fire elementals (Snake:2)
  A basilisk (Lair:4)
  4 small abominations
  A steam dragon (D:11)
  A human simulacrum (Vaults:1)
  24 vampire mosquitoes
  Edmund (D:4)
  A yaktaur simulacrum (Vaults:1)
  11 swamp worms
  16 insubstantial wisps
  53 nagas
  4 wargs
  10 water moccasins
  2 soldier ants
  2 hell hounds
  7 porcupines
  3 sky beasts
  13 swamp drakes
  4 ice beasts
  A black bear (D:13)
  5 phantoms
  51 orc warriors
  18 centaurs
  22 ogres
  A necrophage (D:12)
  37 wolves
  A boggart (D:9)
  12 crocodiles
  3 elf zombies
  2 big kobolds (D:13)
  A wyvern zombie (D:12)
  17 bullfrogs
  A gnoll sergeant (D:11)
  An elf skeleton (D:7)
  A water moccasin skeleton (D:9)
  9 scorpions
  A killer bee (D:8)
  18 wights
  4 howler monkeys
  A troll skeleton (D:12)
  4 centaur zombies
  3 bullfrog zombies
  4 starcursed masses (Abyss:5)
  A bullfrog skeleton (D:4)
  6 centaur skeletons
  7 jellies
  4 human zombies
  28 orc priests
  5 gnoll shamans
  6 hounds
  19 orc wizards
  4 iguanas
  3 human skeletons
  10 worker ants
  7 hell rats
  A killer bee zombie (D:8)
  An ogre skeleton (D:12)
  A hound zombie (D:4)
  3 hound skeletons
  A worker ant zombie (D:7)
  32 gnolls
  9 adders
  15 river rats
  A shadow imp (D:4)
  3 white imps
  An ufetubus (D:8)
  An ooze (D:3)
  An adder skeleton (D:9)
  3 worms
  7 leopard geckos
  120 orcs
  7 bats
  3 giant cockroaches
  12 goblins
  7 hobgoblins
  28 jackals
  9 quokkas
  7 frilled lizards
  2 jackal skeletons (D:4)
  10 kobolds
  An orc skeleton (D:7)
  An orc zombie (D:7)
  A quokka skeleton (D:7)
  2 quokka zombies
  24 rats
  3 briar patches (Swamp:4)
1427 creatures vanquished.

Vanquished Creatures (collateral kills)
  An ancient zyme (Abyss:5)
1 creature vanquished.

Vanquished Creatures (others)
  An anaconda (Snake:4)
  A cane toad (Swamp:1)
  An orc warrior (Orc:2)
  A sky beast (D:14)
  A swamp drake (Swamp:3)
  An orc wizard (Vaults:1)
  A briar patch (Swamp:4)
  4 fungi
  17 plants
  A starspawn tentacle (D:11)
29 creatures vanquished.

Grand Total: 1457 creatures vanquished

Notes
Turn   | Place    | Note
-------+----------+-------------------------------------------
     0 | D:1      | MrTaco21 the Gargoyle Fighter began the quest for the Orb.
     0 | D:1      | Reached XP level 1. HP: 14/14 MP: 1/1
   103 | D:1      | Reached XP level 2. HP: 19/19 MP: 2/2
   559 | D:2      | Found a hide-covered altar of Uskayaw.
   571 | D:2      | Reached XP level 3. HP: 22/23 MP: 3/3
   677 | D:2      | Reached XP level 4. HP: 13/28 MP: 4/4
  1336 | D:2      | Found a white marble altar of Elyvilon.
  1419 | D:2      | Found an opulent altar of Gozag.
  1700 | D:3      | Found a sparkling altar of Nemelex Xobeh.
  1779 | D:3      | Reached skill level 5 in Maces & Flails
  1838 | D:3      | Found an ornate altar of the Wu Jian Council.
  1838 | D:3      | Found a hazy altar of Hepliaklqana.
  1952 | D:3      | Reached XP level 5. HP: 32/32 MP: 5/5
  2413 | D:4      | Reached XP level 6. HP: 28/37 MP: 6/6
  2487 | D:4      | Got a warped ring mail
  2505 | D:4      | Identified the +4 ring mail of Amorality {Dex+6} (You found
                  | it on level 4 of the Dungeon)
  2574 | D:4      | Noticed Edmund
  2588 | D:4      | Killed Edmund
  2672 | D:4      | Reached XP level 7. HP: 41/41 MP: 7/7
  2815 | D:4      | You fall into a shaft and drop 1 floor!
  2815 | D:5      | Entered Level 5 of the Dungeon
  3465 | D:5      | Found a snail-covered altar of Cheibriados.
  3654 | D:6      | Found a shimmering blue altar of Sif Muna.
  3705 | D:6      | Found a staircase to the Ecumenical Temple.
  3709 | D:6      | Reached XP level 8. HP: 46/46 MP: 8/8
  4030 | Temple   | Entered the Ecumenical Temple
  4042 | D:6      | Reached skill level 10 in Maces & Flails
  4053 | Temple   | HP: 2/46 [gnoll (5)]
  4599 | Temple   | Became a worshipper of Qazlal Stormbringer
  5051 | D:6      | Reached * piety under Qazlal
  5149 | D:6      | Found Faubbe's Armour Emporium.
  5387 | D:7      | Reached XP level 9. HP: 50/51 MP: 9/9
  5768 | D:7      | Reached ** piety under Qazlal
  6136 | D:7      | Got a fine leather armour
  6253 | D:7      | Identified the +1 leather armour of the Fiend {Str+6} (You
                  | found it on level 7 of the Dungeon)
  6362 | D:8      | Found a blossoming altar of Fedhas.
  6816 | D:8      | Reached *** piety under Qazlal
  7302 | D:8      | Reached XP level 10. HP: 56/56 MP: 10/10
  7420 | D:6      | Bought the +3 tower shield "Xocongaq" {+Inv Regen+ Dex+2}
                  | for 565 gold pieces
  7545 | D:9      | Reached skill level 4 in Shields
  7591 | D:9      | Found Daemed's Weapon Emporium.
  7614 | D:9      | Found a staircase to the Orcish Mines.
  7616 | D:9      | Found Xofirghaq's Armour Emporium.
  7651 | D:9      | Noticed a two-headed ogre
  7660 | D:10     | Entered Level 10 of the Dungeon
  7734 | D:10     | Reached skill level 5 in Shields
  7758 | D:10     | Reached skill level 6 in Shields
  7821 | D:10     | Reached **** piety under Qazlal
  7936 | D:10     | Noticed a gargoyle
  7961 | D:10     | Killed a gargoyle
  7961 | D:10     | Reached skill level 7 in Shields
  7977 | D:10     | Reached skill level 8 in Shields
  8060 | D:10     | Killed an unseen horror
  8060 | D:10     | Reached skill level 9 in Shields
  8060 | D:10     | Reached XP level 11. HP: 49/60 MP: 11/11
  8915 | D:9      | Noticed a two-headed ogre
  8927 | D:9      | Killed a two-headed ogre
  8927 | D:9      | Reached skill level 10 in Shields
  9030 | D:9      | Noticed a manticore
  9041 | D:9      | Killed a manticore
  9250 | D:11     | Reached skill level 11 in Shields
  9282 | D:11     | Found Ricwerph's Assorted Antiques.
  9312 | D:11     | Found a transporter.
  9315 | D:11     | Found a transporter.
  9318 | D:11     | Noticed a tentacled starspawn
  9319 | D:11     | Noticed lyrin's ghost (journeyman FoIE)
  9416 | D:11     | Found a staircase to the Lair.
  9437 | D:11     | Found a transporter.
  9554 | D:11     | Noticed a sea snake
  9841 | D:11     | Found a one-way gate to the infinite horrors of the Abyss.
  9845 | D:11     | Noticed a sea snake
  9867 | D:11     | Noticed a hell hog
  9870 | D:11     | a sea snake changed into an elephant
  9903 | D:11     | Found a transporter.
 10006 | D:12     | Noticed a deep elf mage
 10099 | D:11     | Reached skill level 12 in Shields
 10466 | D:12     | Gained mutation: Scrolls take you a little longer to read.
                  | [a neqoxec]
 10556 | D:12     | Killed a deep elf mage
 10586 | D:12     | Reached skill level 13 in Shields
 10623 | D:12     | Noticed a cyclops
 10640 | D:12     | Killed a cyclops
 10657 | D:12     | Found a shadowy altar of Dithmenos.
 10690 | D:12     | Reached ***** piety under Qazlal
 10837 | D:11     | Noticed a lindwurm
 10837 | D:11     | Noticed a deep troll
 10837 | D:11     | a lindwurm changed into a deep troll
 10871 | D:12     | Reached XP level 12. HP: 53/64 MP: 12/12
 11154 | D:12     | Found a basalt altar of Yredelemnul.
 11312 | D:12     | Identified a +0 pair of boots of running (You found it on
                  | level 12 of the Dungeon)
 11357 | D:13     | Noticed Josephine
 11416 | D:13     | Noticed Snorg
 11488 | D:13     | Killed Josephine
 11488 | D:13     | Reached skill level 14 in Shields
 11619 | D:13     | Noticed a two-headed ogre
 11636 | D:13     | Killed a two-headed ogre
 11636 | D:13     | Reached skill level 5 in Fighting
 11651 | D:13     | Noticed a sun demon
 11660 | D:13     | Noticed a soul eater
 11799 | D:13     | Noticed a tengu warrior
 11800 | D:13     | Noticed a tengu warrior
 11815 | D:13     | Killed a tengu warrior
 11837 | D:13     | Killed a tengu warrior
 12117 | D:13     | Killed Snorg
 12117 | D:13     | Reached skill level 15 in Shields
 12647 | D:14     | Reached XP level 13. HP: 78/78 MP: 13/13
 12827 | D:14     | Noticed a fire dragon
 12845 | D:14     | Killed a fire dragon
 12909 | D:14     | Found a gate to the Vaults.
 13405 | Orc:1    | Entered Level 1 of the Orcish Mines
 13428 | D:9      | Reached ****** piety under Qazlal
 13431 | D:9      | Bought the +3 crown of Dyrovepreva {rElec Int+2 SInv} for
                  | 579 gold pieces
 13431 | D:9      | Found the +3 crown of Dyrovepreva {rElec Int+2 SInv}
 13851 | D:15     | Entered Level 15 of the Dungeon
 13863 | D:15     | Reached skill level 16 in Shields
 13903 | D:15     | Reached skill level 10 in Fighting
 14149 | D:15     | Noticed a yaktaur captain
 14279 | D:15     | Killed a yaktaur captain
 14326 | D:15     | Found a sacrificial altar of Ru.
 14465 | D:15     | Identified Roxanne's Catalogue of Clay
 14465 | D:15     | Noticed Roxanne
 14575 | D:15     | Found a staircase to the Depths.
 14950 | Lair:1   | Entered Level 1 of the Lair of Beasts
 15034 | Lair:1   | Gained mutation: Your large and strong wings let you fly
                  | indefinitely. [Gargoyle growth]
 15034 | Lair:1   | Reached XP level 14. HP: 90/90 MP: 14/14
 15039 | Lair:1   | Noticed Gastronok
 15084 | Lair:1   | Killed Gastronok
 15084 | Lair:1   | Reached skill level 17 in Shields
 15423 | Lair:1   | Found a runed translucent gate.
 15423 | Lair:1   | Found a runed translucent gate.
 15423 | Lair:1   | Found a runed translucent gate.
 15423 | Lair:1   | Noticed Loent's ghost (journeyman OgWn)
 15946 | Lair:1   | Killed Loent's ghost
 17226 | Lair:3   | Reached skill level 18 in Shields
 17370 | Lair:3   | Found a frozen archway.
 17425 | Lair:3   | Found a staircase to the Snake Pit.
 17850 | Lair:3   | Found a staircase to the Swamp.
 18168 | Lair:4   | Reached XP level 15. HP: 81/100 MP: 15/15
 18231 | Lair:4   | Noticed Urug
 18247 | Lair:4   | Killed Urug
 18259 | Lair:4   | Noticed Sonja
 18270 | Lair:4   | Killed Sonja
 19205 | Lair:5   | Found a staircase to the Slime Pits.
 19677 | Lair:6   | Entered Level 6 of the Lair of Beasts
 19948 | Lair:6   | Reached skill level 19 in Shields
 19976 | Lair:6   | Reached skill level 5 in Armour
 20386 | Lair:6   | Got agate-encrusted ice dragon scales
 21457 | Orc:2    | Entered Level 2 of the Orcish Mines
 21868 | Orc:2    | Found a roughly hewn altar of Beogh.
 21913 | Orc:2    | Found Urahoghu's Assorted Antiques.
 22035 | Orc:2    | Reached XP level 16. HP: 107/107 MP: 16/16
 22056 | Orc:2    | Found Ilur's Magic Scroll Shop.
 22076 | Orc:2    | Bought a scroll of identify for 30 gold pieces
 22076 | Orc:2    | Bought a scroll of identify for 30 gold pieces
 22078 | Orc:2    | Identified the +9 ice dragon scales of Parts Unknown
                  | {+Blink rF- rC++} (You found it on level 6 of the Lair of
                  | Beasts)
 22328 | Orc:2    | Identified the +3 leather armour of Bacieses {Harm Int+3
                  | Dex+2 SInv}
 22804 | Orc:2    | Found Jiceghiq's Magic Scroll Emporium.
 22829 | Orc:2    | Reached skill level 20 in Shields
 22854 | Orc:2    | Bought a scroll of identify for 28 gold pieces
 22854 | Orc:2    | Bought a scroll of summoning for 133 gold pieces
 22854 | Orc:2    | Bought a scroll of magic mapping for 49 gold pieces
 22854 | Orc:2    | Bought a scroll of identify for 28 gold pieces
 22854 | Orc:2    | Bought a scroll of immolation for 49 gold pieces
 22922 | Orc:2    | Found a roughly hewn altar of Beogh.
 22981 | Orc:2    | Found Esearut's Antique Weapon Shoppe.
 23255 | Orc:2    | Found a staircase to the Elven Halls.
 23708 | Swamp:1  | Entered Level 1 of the Swamp
 23907 | Swamp:1  | Reached skill level 10 in Armour
 25581 | Swamp:3  | Noticed Bai Suzhen
 25678 | Swamp:2  | Killed Bai Suzhen
 25866 | Swamp:3  | Reached skill level 21 in Shields
 25866 | Swamp:3  | Reached XP level 17. HP: 112/112 MP: 17/17
 25879 | Swamp:3  | Noticed Louise
 25908 | Swamp:3  | Killed Louise
 25962 | Swamp:3  | Noticed Donald
 25981 | Swamp:3  | Killed Donald
 26536 | Swamp:4  | Entered Level 4 of the Swamp
 26635 | Swamp:4  | Got a warped turquoise ring
 26637 | Swamp:4  | Identified the ring of Yendor {+Fly rPois MR+ Int-5} (You
                  | found it on level 4 of the Swamp)
 27182 | Swamp:4  | Got a decaying rune of Zot
 27547 | Snake:1  | Entered Level 1 of the Snake Pit
 27837 | D:11     | Killed lyrin's ghost
 27853 | D:11     | Killed a tentacled starspawn
 28250 | D:4      | You are sucked into a shaft and drop 2 floors!
 28785 | D:4      | Found a glowing golden altar of the Shining One.
 29358 | Lair:3   | Reached skill level 22 in Shields
 29808 | Snake:1  | Reached XP level 18. HP: 88/117 MP: 18/18
 29923 | Snake:2  | Noticed Aizul
 29933 | Snake:2  | Killed Aizul
 29991 | Snake:2  | Noticed Azrael
 30244 | Snake:2  | Reached skill level 15 in Maces & Flails
 30909 | Snake:2  | Killed Azrael
 31438 | Snake:3  | Found Ytoagot's Gadget Shoppe.
 31971 | Snake:3  | Found a runed translucent gate.
 31971 | Snake:3  | Found a runed translucent gate.
 31971 | Snake:3  | Found a runed translucent gate.
 31972 | Snake:3  | Noticed Ohopebaam's ghost (adept MfBe)
 32021 | Snake:3  | Got a glittering copper ring
 32024 | Snake:3  | Identified the ring "Muh Kieh" {Ice *Slow rElec MR+ Int+2}
                  | (You found it on level 3 of the Snake Pit)
 32811 | Snake:3  | Killed Ohopebaam's ghost
 32842 | Snake:3  | Reached skill level 23 in Shields
 32902 | Snake:4  | Entered Level 4 of the Snake Pit
 33204 | Snake:4  | Reached XP level 19. HP: 122/122 MP: 19/19
 33494 | Snake:4  | Reached skill level 24 in Shields
 34218 | Snake:4  | Got a serpentine rune of Zot
 34438 | Slime:1  | Entered Level 1 of the Pits of Slime
 34440 | Slime:1  | Gained mutation: You are partially covered in large bone
                  | plates. (SH +4) [a shining eye]
 34441 | Slime:1  | Gained mutation: Armour fits poorly on your strangely
                  | shaped body. [a shining eye]
 34444 | Slime:1  | Gained mutation: You do not regenerate when monsters are
                  | visible. [a shining eye]
 34446 | Slime:1  | Gained mutation: You are frail. (-10% HP) [a shining eye]
 34702 | Vaults:1 | Entered Level 1 of the Vaults
 34767 | Vaults:1 | Reached skill level 25 in Shields
 34838 | Vaults:1 | Reached skill level 1 in Invocations
 35234 | Vaults:1 | Reached skill level 15 in Fighting
 35364 | Vaults:1 | Reached XP level 20. HP: 116/116 MP: 23/23
 35380 | Vaults:1 | Reached skill level 5 in Invocations
 36040 | Vaults:1 | Found a huge runed gate.
 36040 | Vaults:1 | Found a huge runed gate.
 36041 | Vaults:1 | Found a huge runed gate.
 36042 | Vaults:1 | Found a huge runed gate.
 36042 | Vaults:1 | Found a huge runed gate.
 36049 | Vaults:1 | Found a huge runed gate.
 36049 | Vaults:1 | Found a huge runed gate.
 36049 | Vaults:1 | Found a huge runed gate.
 36051 | Vaults:1 | Found a huge runed gate.
 36053 | Vaults:1 | Found a huge runed gate.
 36064 | Vaults:1 | Found a huge runed gate.
 36064 | Vaults:1 | Found a huge runed gate.
 36064 | Vaults:1 | Found a huge runed gate.
 36064 | Vaults:1 | Found a huge runed gate.
 36064 | Vaults:1 | Found a huge runed gate.
 36065 | Vaults:1 | Found a huge runed gate.
 36066 | Vaults:1 | Found a huge runed gate.
 36067 | Vaults:1 | Found a huge runed gate.
 36068 | Vaults:1 | Found a huge runed gate.
 36076 | Vaults:1 | Found a huge runed gate.
 36076 | Vaults:1 | Found a huge runed gate.
 36076 | Vaults:1 | Found a huge runed gate.
 36076 | Vaults:1 | Found a huge runed gate.
 36076 | Vaults:1 | Found a huge runed gate.
 36076 | Vaults:1 | Found a huge runed gate.
 36076 | Vaults:1 | Found a huge runed gate.
 36077 | Vaults:1 | Found a huge runed gate.
 36078 | Vaults:1 | Found a huge runed gate.
 36086 | Vaults:1 | Found a huge runed gate.
 36086 | Vaults:1 | Found a huge runed gate.
 36086 | Vaults:1 | Found a huge runed gate.
 36086 | Vaults:1 | Found a huge runed gate.
 36086 | Vaults:1 | Found a huge runed gate.
 36086 | Vaults:1 | Found a huge runed gate.
 36086 | Vaults:1 | Found a huge runed gate.
 36087 | Vaults:1 | Found a huge runed gate.
 36502 | Vaults:1 | Found Cewkorphe's Distillery.
 36714 | Vaults:1 | Cast into level 5 of the Abyss (a lich)
 36714 | Abyss:5  | Entered Level 5 of the Abyss
 36716 | Abyss:5  | Gained mutation: You tend to lose your temper in combat.
                  | [mutagenic glow]
 36728 | Abyss:5  | Lost mutation: Scrolls take you a little longer to read.
                  | [mutagenic glow]
 36730 | Abyss:5  | Paralysed by accursed screaming for 1 turns
 36737 | Abyss:5  | Paralysed by accursed screaming for 2 turns
 36743 | Abyss:5  | Gained mutation: You are dopey. (Int -2) [mutagenic glow]
 36812 | Abyss:5  | Paralysed by accursed screaming for 1 turns
 36817 | Abyss:5  | Paralysed by accursed screaming for 1 turns
 36818 | Abyss:5  | Killed from afar by a starcursed mass

Illustrated notes

Levels and vault maps discovered:
D:1:      wander_arrival_abandoned_jail, layout_basic
D:2:      layout_basic, elyvilon_altar_4, lemuel_crystal_altar,
          marbit_many_paths, minmay_misc_feat_diagonals,
          minmay_increasing_density
D:3:      layout_rooms, nemelex_altar_shiori,
          chequers_temple_overflow_statue_of_worship
D:4:      layout_loops_corners, nicolae_tso_swordbearing_angel, serial_undead,
          serial_undead_d, serial_undead_c, serial_undead_f, serial_undead_b,
          minmay_misc_feat_iff, nrook_campfire, uniq_edmund
D:5:      layout_loops_ring, cheibrodos_worm_habitat
D:6:      lemuel_castle_with_subvaults [lemuel_castle_interior_carwin_3],
          layout_basic, kennysheep_little_box,
          minmay_temple_entry_statues_pillars, serial_shops,
          nicolae_shop_crystal, feat_on_display
D:7:      layout_rooms, nicolae_ossuary_entry_catacombs
D:8:      lemuel_ratsnest, layout_basic, fedhas_ov_isle_minmay
D:9:      layout_basic, orc_david_3, minmay_evil_grid
D:10:     layout_basic, corexii_corridor_pit, chequers_serial_rivers_small_b
D:11:     gammafunk_jiyva_shrine, layout_long_grid, lair_entry_dummy,
          serial_shops, nicolae_shop_window_shopping,
          gammafunk_ghost_abyssal_escape
D:12:     layout_rooms, basic_altar, enter_bailey_3,
          lemuel_mausoleum_altar_yredelemnul
D:13:     layout_irregular_city, uniq_josephine, uniq_snorg
D:14:     layout_roguey, david_vaults_4
D:15:     grunt_enter_depths_snipers, layout_cave_pools,
          nicolae_ru_awakened_eye, uniq_roxanne
Temple:   oiseaux_autumnal_temple
Lair:1:   dragon1_lemuel, layout_regular_city, gammafunk_ghost_hydra_chop,
          kennysheep_abandoned_house, uniq_gastronok
Lair:2:   layout_regular_city, lemuel_fruit_tree
Lair:3:   layout_chaotic_city, palyth_hydra_swamp_entry,
          minmay_snake_entry_guardpost_small, portal_ice_cave_entry_pillars_2,
          grunt_forest_large_clearings, grunt_megastairs_1,
          infiniplex_staircase_pool_2, serial_bayou_shore_b
Lair:4:   layout_gridlike, uniq_urug, uniq_sonja
Lair:5:   layout_loops_ring, slime_dummy, grunt_megastairs_5
Lair:6:   evilmike_catoblepas_cave, layout_cave_pods, gauntlet_entry_generic,
          lemuel_fruit_fields
Swamp:1:  layout_basic_swamp, evilmike_swamp_ruin_rubble_1,
          infiniplex_staircase_pool
Swamp:2:  layout_basic_swamp, evilmike_swamp_ruin_rubble_2
Swamp:3:  layout_basic_swamp, evilmike_swamp_ruin_house_5, uniq_bai_suzhen,
          uniq_louise, uniq_donald
Swamp:4:  swamp, layout_basic_swamp
Snake:1:  layout_rooms
Snake:2:  layout_layer_cave, uniq_aizul, uniq_azrael
Snake:3:  layout_chambers, gammafunk_ghost_split, minmay_shop_star
Snake:4:  grunt_snake_rune_serpentine_throne, layout_cave_town
Slime:1:  layout_caves
Orc:1:    layout_caves
Orc:2:    pubby_orc_utopia
Vaults:1: vaults_room_pool, hangedman_vaults_stream,
          nicolae_vaults_little_squares_2, hangedman_vaults_corner_blocks,
          vaults_mumra_hexcomb, hangedman_vaults_hat, hangedman_vaults_stagger,
          v_misc_2, nicolae_vaults_alarming, v_misc_8, vaults_room_grid,
          vaults_room_door_ring, vaults_door_vault, ontoclasm_vaults_shuriken,
          layout_vaults_maze_bifur, serial_shops,
          nicolae_shop_temple_entry_statues_fountains
Abyss:5:  base: Swamp:1, serial_sigils_hangedman_shear,
          nicolae_abyss_rune_star_stuff, hangedman_grunt_abyss_rune_horror_hoard

Skill      XL: |  1  2  3  4  5  6  7  8  9 10 11 12 13 14 15 16 17 18 19 20 |
---------------+-------------------------------------------------------------+-----
Maces & Flails | 3 4 5 6 7 9 11 13 14 16 | 16.0
Shields        | 9 13 15 16 18 19 21 22 23 25 | 25.0
Fighting       | 8 11 13 14 15 16 | 16.1
Armour         | 8 11 13 | 13.6
Invocations    | 4 8 |  8.1

Action                   |  1- 3 |  4- 6 |  7- 9 | 10-12 | 13-15 | 16-18 | 19-21 || total
-------------------------+-------+-------+-------+-------+-------+-------+-------++-------
Melee: Flail             |   110 |   197 |   548 |   822 |       |       |       ||  1677
       Mace              |       |       |       |    16 |  1503 |  1033 |       ||  2552
       Eveningstar       |       |       |       |       |       |  1013 |   762 ||  1775
Throw: Dart              |       |       |       |    27 |    14 |    12 |     9 ||    62
Invok: Elemental Force   |       |       |       |       |     1 |     1 |     1 ||     3
       Upheaval          |       |       |       |       |       |     1 |       ||     1
       Disaster Area     |       |       |       |       |       |       |     3 ||     3
 Abil: Evoke Invisibilit |       |       |       |     1 |       |       |       ||     1
       Fly               |       |       |       |       |     1 |       |       ||     1
  Use: Scroll            |       |       |     1 |    14 |     5 |    13 |     2 ||    35
       Potion            |       |       |       |       |       |       |     5 ||     5
 Stab: Confused          |       |       |       |       |       |     1 |       ||     1
Armor: Scale mail        |    66 |   102 |       |       |       |       |       ||   168
       Ring mail         |       |     7 |   242 |   168 |   319 |       |       ||   736
       Ice dragon scales |       |       |       |       |       |   675 |   119 ||   794
Dodge: Dodged            |    45 |    74 |   191 |    89 |   190 |   266 |    67 ||   922
       Repelled          |       |       |       |     3 |     2 |    22 |    14 ||    41
Block: Kite shield       |    73 |   102 |   308 |     4 |       |       |       ||   487
       Tower shield      |       |       |       |   866 |  1823 |  3000 |  1004 ||  6693

Table legend: (Time is in decaauts)
 A = Elapsed time spent in this place.
 B = Non-inter-level travel time spent in this place.
 C = Inter-level travel time spent in this place.
 D = Time resting spent in this place.
 E = Time spent auto-exploring this place.
 F = Levels seen in this place.
 G = Mean time per level.
                   A        B        C        D        E       F      G
               +--------+--------+--------+--------+--------+-----+--------+
         Total |  33944 |  30340 |   3604 |   2434 |  18013 |  35 |  969.8 |
       Dungeon |  15542 |  13429 |   2113 |   1149 |   8329 |  15 | 1036.1 |
        Temple |    591 |    555 |     36 |    251 |    238 |   1 |  591.0 |
          Lair |   6161 |   5322 |    839 |    432 |   3479 |   6 | 1026.8 |
         Swamp |   3261 |   3054 |    207 |    152 |   1706 |   4 |  815.2 |
     Snake Pit |   4449 |   4217 |    232 |    228 |   2488 |   4 | 1112.2 |
    Slime Pits |      8 |      8 |      0 |      0 |      0 |   1 |    8.0 |
  Orcish Mines |   2105 |   2026 |     79 |     37 |   1058 |   2 | 1052.5 |
        Vaults |   1750 |   1653 |     97 |    180 |    712 |   1 | 1750.0 |
         Abyss |     73 |     73 |      0 |      4 |      0 |   1 |   73.0 |
               +--------+--------+--------+--------+--------+-----+--------+

Top non-repeatable levels by time:
    D:11: 1908 daAuts
Vaults:1: 1750 daAuts
   Orc:2: 1732 daAuts
 Snake:3: 1469 daAuts
     D:8: 1344 daAuts
  Lair:3: 1330 daAuts
     D:9: 1322 daAuts
 Snake:2: 1310 daAuts
     D:6: 1300 daAuts
     D:2: 1220 daAuts
     D:4: 1114 daAuts
  Lair:2: 1093 daAuts
  Lair:1: 1081 daAuts
  Lair:6: 1061 daAuts
 Snake:4: 1050 daAuts
